 Dungeon Crawl Stone Soup version 0.19-a0-1613-g7c9bbd0 (webtiles) character file.

61131 DeloreanTremens the Bludgeoner (level 14, 0/135 HPs)
             Began as a Minotaur Berserker on Sept 16, 2016.
             Was the Champion of Trog.
             Slain by an alligator (9 damage)
             ... on level 2 of the Swamp on Sept 18, 2016.
             The game lasted 02:17:46 (20493 turns).

DeloreanTremens the Bludgeoner (MiBe)              Turns: 20493, Time: 02:17:46

Health: 0/135      AC: 24    Str: 28    XL:     14   Next: 59%
Magic:  13/13      EV: 14    Int:  5    God:    Trog [******]
Gold:   931        SH:  0    Dex: 12    Spells: 0 memorised, 13 levels left

rFire  . . .     SeeInvis .     f - +2 great mace (crush)
rCold  . . .     Gourm    .     M - +0 plate armour
rNeg   . . .     Faith    +     (shield currently unavailable)
rPois  +         Spirit   .     (helmet restricted)
rElec  .         Dismiss  .     V - +1 cloak {+Inv}
rCorr  .         Reflect  .     P - +0 pair of gloves
MR     +....     Harm     .     o - +2 pair of boots
Stlth  ..........               R - amulet of faith
                                k - +4 ring of strength
                                d - ring of poison resistance

@: exhausted, very slightly contaminated, invisible
A: retaliatory headbutt, horns 2
a: Berserk, Trog's Hand, Brothers in Arms, Burn Spellbooks, Renounce Religion


You were on level 2 of the Swamp.
You worshipped Trog.
Trog was exalted by your worship.
You were near starving.

You visited 5 branches of the dungeon, and saw 21 of its levels.

You collected 931 gold pieces.

Inventory:

Hand Weapons
 f - a +2 great mace of crushing (weapon)
 s - a +5 antimagic dire flail
 G - a +3 great mace of protection
Missiles
 p - 14 javelins of returning (quivered)
 O - 4 exploding tomahawks
Armour
 o - a +2 pair of boots (worn)
 M - a +0 plate armour (worn)
 P - a +0 pair of gloves (worn)
 V - a +1 cloak of invisibility (worn)
Jewellery
 d - a ring of poison resistance (left hand)
 k - a +4 ring of strength (right hand)
 m - an uncursed ring of wizardry {unknown}
 t - an uncursed ring of protection from fire
 u - an uncursed ring of see invisible
 y - an uncursed ring of protection from magic
 z - a +3 ring of strength
 C - an uncursed amulet of the gourmand
 D - an uncursed ring of ice
 L - the ring of Dezed {rF+ AC+1}
   (You found it on level 6 of the Lair of Beasts)

   [ring of protection]

   It affects your AC (+1).
   It protects you from fire.
 R - an amulet of faith (around neck)
 S - an uncursed amulet of regeneration
Wands
 a - a wand of enslavement (15/24)
 q - a wand of disintegration (16/24)
 w - a wand of slowing (10/48)
 B - a wand of confusion (32/48)
 K - a wand of confusion (23/48)
 Y - a wand of lightning (8/15)
Scrolls
 b - 4 scrolls of enchant armour
 h - 2 scrolls of fear
 j - 2 scrolls of enchant weapon
 l - 2 scrolls of magic mapping
 v - 2 scrolls of identify
 x - 6 scrolls of remove curse
 H - 5 scrolls of teleportation
 I - a scroll of summoning {unknown}
 W - a scroll of blinking
 Z - a scroll of vulnerability {unknown}
Potions
 e - 5 potions of curing
 i - a potion of brilliance
 r - 3 potions of agility
 E - a potion of resistance
 J - a potion of might
 X - a potion of cure mutation
Miscellaneous
 N - a sack of spiders
Comestibles
 c - 7 bread rations
 g - 6 beef jerkies
 n - 2 fruits
 F - 3 royal jellies
 Q - 2 slices of pizza
 T - 4 meat rations


   Skills:
 + Level 15.2 Fighting
 + Level 16.4 Maces & Flails
 - Level 3.0 Throwing
 + Level 15.1 Armour
 + Level 12.6 Dodging


You had 13 spell levels left.
You didn't know any spells.

Dungeon Overview and Level Annotations

Branches:
Dungeon (11/15)            Temple (1/1) D:5            Lair (6/6) D:11
  Swamp (2/4) Lair:2       Spider (0/4) Lair:2        Slime (1/5) Lair:5
    Orc: D:9-12

Altars:
Ashenzari
Cheibriados
Dithmenos
Elyvilon
Fedhas
Gozag
Hepliaklqana
Kikubaaqudgha
Makhleb
Nemelex Xobeh
Okawaru
Qazlal
Ru
Sif Muna
Trog
Uskayaw
Vehumet
Xom
Yredelemnul
Zin
The Shining One

Shops:
D:5 }   D:10 *

Annotations:
Lair:6 exclusion: oklob plant
Swamp:1 Frances


Innate Abilities, Weirdness & Mutations

You reflexively headbutt those who attack you in melee.
You have a pair of horns on your head.


Message History

You enter the shallow water.
Moving in this stuff is going to be slow. ...and don't expect to remain undetected.
The alligator barely misses you. x2
You enter the shallow water.
Moving in this stuff is going to be slow. ...and don't expect to remain undetected.
The blink frog blinks!
The alligator closely misses you. The alligator completely misses you.
The alligator barely misses you. x2
The blink frog blinks!
You feel yourself speed up. The alligator closely misses you.
The alligator tail-slaps you but does no damage.
The alligator misses you. You furiously retaliate!
You headbutt the alligator, but do no damage.
The alligator tail-slaps you but does no damage.
The alligator misses you. The alligator barely misses you.
The alligator bites you but does no damage.
The alligator tail-slaps you!
You die...

♣.≈≈≈≈≈≈≈...≈♣..≈.... ≈
...≈≈≈≈≈≈..≈§...≈≈≈.§ .≈
≈≈≈≈≈≈≈≈..≈♣≈.≈≈≈≈≈≈ .≈≈
≈..≈≈≈≈≈.≈♣≈≈≈≈≈≈≈≈≈ ≈≈≈.
♣♣♣♣♣♣.≈≈≈≈.♣≈≈≈≈≈♣≈..≈
≈≈≈≈≈♣♣..♣♣..≈≈≈.♣≈≈≈≈≈≈≈♣♣♣♣
≈≈≈≈≈....♣≈<.≈≈...♣≈≈≈≈≈♣≈≈ ♣
≈≈≈≈.≈♣......♣♣....♣≈≈≈♣...
♣≈.♣♣≈.≈≈≈.F@♣.≈≈≈≈.≈≈♣≈...≈
♣ ♣.≈≈≈≈≈.t.§≈.♣≈≈..≈≈≈ .
♣≈.≈≈≈≈≈≈.w♣♣♣♣..§≈≈≈≈ ≈
♣≈.≈≈≈≈≈≈≈≈♣ ≈.≈≈.≈≈≈
♣.≈≈≈≈.≈≈≈.♣♣♣≈>≈..≈≈
♣...[(≈.≈≈.§♣>≈♣♣♣≈≈≈
.≈≈..♣♣...♣♣...♣♣ ♣.. ...♣♣
♣♣♣♣♣.§≈..♣♣.. ♣..≈≈≈≈..#####


You could see an alligator, a tyrant leech and a blink frog.

Vanquished Creatures
  Nikola (Swamp:1)
  The ghost of NilsBloodaxe the Grappler, a journeyman TrWz of Hepliaklqana (Lair:5)
  3 dire elephants (Lair:6)
  Snorg (D:10)
  The ghost of tmt the Carver, a journeyman HESk of Ashenzari (Lair:6)
  8 hydras
  A catoblepas (Lair:4)
  An anaconda (Lair:6)
  5 death yaks (Lair:5)
  A shambling mangrove (Swamp:2)
  4 swamp dragons
  A hill giant (D:11)
  The ghost of LostInTranslocation the Ducker, a novice DsMo of Okawaru (D:5)
  A deep elf mage (D:11)
  5 black mambas
  13 elephants
  Psyche (D:8)
  8 komodo dragons
  8 spiny frogs
  A rime drake (Lair:4)
  2 ice devils (D:11)
  A troll (D:9)
  A jumping spider (Lair:2)
  A tyrant leech (Swamp:2)
  A merfolk (D:11)
  A boulder beetle (Lair:4)
  Prince Ribbit (D:9)
  14 blink frogs
  2 bog bodies (Swamp:2)
  Sigmund (D:3)
  A redback (Lair:2)
  2 wyverns
  A wraith (D:10)
  59 yaks
  3 basilisks
  7 hippogriffs
  4 vampire mosquitoes (Swamp:1)
  A mottled dragon (D:11)
  10 swamp worms
  3 insubstantial wisps (Swamp:1)
  9 water moccasins
  6 porcupines
  6 swamp drakes
  4 orc warriors
  9 sky beasts
  4 wasps (Swamp:2)
  6 ogres
  A phantom (D:11)
  5 ice beasts
  A black bear (D:5)
  A necrophage (D:9)
  3 wolves (Lair:6)
  3 centaurs
  12 crocodiles
  A big kobold (D:11)
  11 bullfrogs
  A gnoll sergeant (D:5)
  A wyvern zombie (D:11)
  2 scorpions
  8 killer bees
  3 wights (D:9)
  An electric eel (Lair:2)
  A howler monkey (D:4)
  7 crimson imps
  A wasp zombie (D:6)
  10 orc priests
  4 jellies (Lair:5)
  A centaur skeleton (D:8)
  4 hounds
  19 orc wizards
  Jessica (D:2)
  Natasha (thrice) (D:2)
  10 iguanas
  3 worker ants
  2 hound skeletons
  A worker ant zombie (D:6)
  13 gnolls
  43 river rats
  10 adders
  3 shadow imps
  An ooze (D:1)
  An adder zombie (D:5)
  A worm (D:3)
  4 dart slugs
  10 leopard geckos
  44 orcs
  5 giant cockroaches
  11 goblins
  10 hobgoblins
  12 jackals
  A quokka (D:2)
  A ball python (D:2)
  14 bats
  10 frilled lizards
  A jackal skeleton (D:6)
  19 kobolds
  A leopard gecko zombie (D:5)
  A quokka skeleton (D:4)
  A quokka zombie (D:6)
  11 rats
  2 fungi
  6 plants
583 creatures vanquished.

Vanquished Creatures (collateral kills)
  2 hydras
  4 elephants (Lair:6)
  A spiny frog (Lair:5)
  A yak (D:10)
8 creatures vanquished.

Vanquished Creatures (others)
  An orc (D:11)
  11 fungi
  13 plants
25 creatures vanquished.

Grand Total: 616 creatures vanquished

Notes
Turn   | Place    | Note
-------+----------+-------------------------------------------
     0 | D:1      | DeloreanTremens the Minotaur Berserker began the quest for the Orb.
     0 | D:1      | Reached XP level 1. HP: 19/19 MP: 0/0
    75 | D:1      | Reached skill level 4 in Maces & Flails
   105 | D:1      | Reached XP level 2. HP: 27/27 MP: 1/1
   438 | D:1      | Found a sparkling altar of Nemelex Xobeh.
   503 | D:1      | Reached ** piety under Trog
   513 | D:1      | Reached XP level 3. HP: 26/33 MP: 2/2
  1074 | D:2      | Noticed Natasha
  1080 | D:2      | Killed Natasha
  1080 | D:2      | Reached skill level 5 in Maces & Flails
  1080 | D:2      | Reached XP level 4. HP: 40/40 MP: 3/3
  1192 | D:2      | Noticed Natasha
  1202 | D:2      | Killed Natasha
  1224 | D:2      | Noticed Natasha
  1277 | D:2      | Killed Natasha
  1348 | D:2      | Reached *** piety under Trog
  1348 | D:2      | Reached XP level 5. HP: 46/47 MP: 4/4
  1525 | D:2      | Found an iron altar of Okawaru.
  1626 | D:2      | Received a gift from Trog
  1754 | D:2      | Noticed Jessica
  1762 | D:2      | Killed Jessica
  1850 | D:3      | Reached skill level 6 in Maces & Flails
  1863 | D:3      | Reached skill level 5 in Fighting
  1889 | D:3      | Reached XP level 6. HP: 28/56 MP: 5/5
  2944 | D:3      | Noticed Sigmund
  2955 | D:3      | Killed Sigmund
  2955 | D:3      | Reached skill level 7 in Maces & Flails
  2955 | D:3      | Reached skill level 5 in Armour
  2955 | D:3      | Reached XP level 7. HP: 62/62 MP: 6/6
  3005 | D:3      | Reached **** piety under Trog
  4288 | D:4      | Reached skill level 8 in Maces & Flails
  4585 | D:5      | Entered Level 5 of the Dungeon
  4592 | D:5      | Noticed LostInTranslocation's ghost (novice DsMo)
  4598 | D:5      | Killed LostInTranslocation's ghost
  4598 | D:5      | Reached skill level 9 in Maces & Flails
  4598 | D:5      | Reached XP level 8. HP: 71/71 MP: 7/7
  4784 | D:5      | Found Joptaig's Gadget Shop.
  5036 | D:5      | Reached skill level 10 in Maces & Flails
  5044 | D:5      | Reached ***** piety under Trog
  5137 | D:5      | Reached skill level 1 in Throwing
  5150 | D:5      | Found a staircase to the Ecumenical Temple.
  5157 | Temple   | Entered the Ecumenical Temple
  5566 | D:5      | Found a basalt altar of Yredelemnul.
  5576 | D:5      | Found a stormy altar of Qazlal.
  5686 | D:6      | Reached XP level 9. HP: 81/81 MP: 8/8
  6215 | D:6      | Found a white marble altar of Elyvilon.
  6239 | D:6      | Found an iron altar of Okawaru.
  6485 | D:7      | Found a bloodstained altar of Trog.
  7157 | D:7      | Reached skill level 11 in Maces & Flails
  7689 | D:8      | Noticed Psyche
  7821 | D:8      | Killed Psyche
  7821 | D:8      | Reached XP level 10. HP: 91/91 MP: 9/9
  8271 | D:8      | Found a hazy altar of Hepliaklqana.
  8329 | D:9      | Received a gift from Trog
  8579 | D:9      | Reached skill level 5 in Dodging
  8670 | D:9      | Noticed Prince Ribbit
  9039 | D:9      | Reached skill level 10 in Fighting
  9045 | D:9      | Reached skill level 12 in Maces & Flails
  9276 | D:9      | Killed Prince Ribbit
  9276 | D:9      | Reached skill level 10 in Armour
  9378 | D:10     | Entered Level 10 of the Dungeon
  9381 | D:10     | Upgraded the game from 0.19-a0-1571-g5ccf90f to 0.19-a0-1589-ge51c82a
  9434 | D:10     | Noticed Snorg
  9465 | D:10     | Killed Snorg
  9465 | D:10     | Reached XP level 11. HP: 66/101 MP: 10/10
  9703 | D:10     | Found Kufrupp's General Store.
 10485 | D:11     | Noticed a deep elf mage
 10492 | D:11     | Killed a deep elf mage
 10493 | D:11     | Received a gift from Trog
 10940 | D:11     | Found a frozen archway.
 10953 | D:11     | Received a gift from Trog
 11142 | D:11     | Reached ****** piety under Trog
 11221 | D:11     | Noticed a hill giant
 11227 | D:11     | Killed a hill giant
 11227 | D:11     | Reached skill level 13 in Maces & Flails
 11251 | D:11     | Received a gift from Trog
 11356 | D:11     | Found a staircase to the Lair.
 11364 | Lair:1   | Entered Level 1 of the Lair of Beasts
 12007 | Lair:1   | Noticed a seven-headed hydra
 12014 | Lair:1   | Killed an eight-headed hydra
 12588 | Lair:2   | Found a hole to the Spider Nest.
 12665 | Lair:2   | Received a gift from Trog
 12997 | Lair:2   | Reached XP level 12. HP: 84/112 MP: 11/11
 13130 | Lair:2   | Received a gift from Trog
 13414 | Lair:2   | Found a staircase to the Swamp.
 13566 | Swamp:1  | Entered Level 1 of the Swamp
 14254 | Lair:4   | Reached skill level 14 in Maces & Flails
 14462 | Lair:4   | Noticed a catoblepas
 14470 | Lair:4   | Killed a catoblepas
 14635 | Lair:4   | Reached skill level 10 in Dodging
 14702 | Lair:4   | Received a gift from Trog
 14761 | Lair:4   | Identified a scroll of acquirement
 15336 | Lair:5   | Identified a +0 rod of inaccuracy (13/13) (You found it on level 5 of the Lair of Beasts)
 15414 | Lair:5   | Noticed an eight-headed hydra
 15428 | Lair:5   | Killed a nine-headed hydra
 15686 | Lair:5   | Noticed a seven-headed hydra
 15709 | Lair:5   | Killed a seven-headed hydra
 15709 | Lair:5   | Reached XP level 13. HP: 122/122 MP: 12/12
 16214 | Lair:5   | Found a staircase to the Slime Pits.
 16251 | Slime:1  | Entered Level 1 of the Pits of Slime
 16500 | Lair:5   | Reached skill level 15 in Maces & Flails
 16508 | Lair:5   | Received a gift from Trog
 16749 | Lair:6   | Entered Level 6 of the Lair of Beasts
 16764 | Lair:6   | Noticed tmt's ghost (journeyman HESk)
 16774 | Lair:6   | Killed tmt's ghost
 17536 | Lair:6   | Received a gift from Trog
 18179 | Lair:6   | Reached XP level 14. HP: 113/133 MP: 13/13
 18452 | Lair:6   | Got a steaming lapis lazuli ring
 18620 | Lair:5   | Noticed NilsBloodaxe's ghost (journeyman TrWz)
 18631 | Lair:5   | Killed NilsBloodaxe's ghost
 18831 | Swamp:1  | Noticed Frances
 19115 | Swamp:1  | Reached skill level 16 in Maces & Flails
 19136 | Swamp:1  | Upgraded the game from 0.19-a0-1589-ge51c82a to 0.19-a0-1613-g7c9bbd0
 19320 | Swamp:1  | Noticed Nikola
 19330 | Swamp:1  | Killed Nikola
 19330 | Swamp:1  | Reached skill level 15 in Fighting
 20038 | Swamp:2  | Received a gift from Trog
 20051 | Swamp:2  | Identified the ring of Dezed {rF+ AC+1} (You found it on level 6 of the Lair of Beasts)
 20244 | Swamp:2  | Reached skill level 15 in Armour
 20484 | Swamp:2  | HP: 4/135 [alligator (9)]
 20493 | Swamp:2  | Slain by an alligator

Vault maps used:
D:1:      tarquinn_simple_flora_water_a, nemelex_diamond_rough_becter
D:2:      kennysheep_six_static_rooms, okawaru_ov_weapons_minmay, uniq_jessica,
          uniq_natasha
D:3:      first_bread, grunt_ministairs_2, uniq_sigmund
D:5:      amethyst_overflow_temple_binary, serial_shops, shop
D:6:      grunt_temple_overflow_open
D:7:      overflow_temple_1_default
D:8:      kennysheep_mini, uniq_psyche
D:9:      uniq_prince_ribbit1
D:10:     serial_shops, nicolae_shop_competitors_out_of_business, uniq_snorg
D:11:     lair_0_dummy, portal_ice_cave_demonic_guard, hangedman_stone_soup
Temple:   regret_index_temple_generic_petals
Lair:2:   nicolae_swamp_entry_splash_gauntlet, spider_nest_entry_a
Lair:3:   infiniplex_staircase_pool, grunt_megastairs_4
Lair:5:   minmay_slime_entry_pillars, hibernation_bobbens, serial_bayou_shore_a,
          serial_bayou_shore_b
Lair:6:   due_jungle_book, lemuel_oklob_altar
Swamp:1:  evilmike_swamp_ruin_house_1, swamp_pool3, st_swamp_ruins_4,
          uniq_nikola, uniq_frances
Swamp:2:  serial_swamp_ruin, evilmike_swamp_ruin_rubble_1,
          hangedman_swamp_ruin_wall, evilmike_swamp_ruin_house_3,
          statue_in_the_mist_lemuel, swamp_pool1, infiniplex_staircase_pool_2
Slime:1:  cheibrodos_slime_lost_civilization_6

Skill      XL: |  1  2  3  4  5  6  7  8  9 10 11 12 13 14 |
---------------+-------------------------------------------+-----
Maces & Flails | 4 5 6 7 9 10 11 12 13 14 15 16 | 16.4
Armour         | 3 4 5 6 7 9 10 11 13 14 15 | 15.1
Fighting       | 4 5 6 7 9 10 12 13 14 15 | 15.2
Throwing       | 1 3 |  3.0
Dodging        | 4 6 8 10 11 12 | 12.6

Action                   |  1- 3 |  4- 6 |  7- 9 | 10-12 | 13-15 || total
-------------------------+-------+-------+-------+-------+-------++-------
Melee: Mace              |    99 |   155 |   183 |       |       ||   437
       Headbutt          |    16 |    18 |    62 |   152 |   148 ||   396
       Dire flail        |       |       |   135 |    48 |       ||   183
       Great mace        |       |       |       |   623 |   480 ||  1103
Throw: Tomahawk          |       |       |     6 |     9 |       ||    15
Invok: Berserk           |     1 |     5 |     6 |     3 |     9 ||    24
       Burn Spellbooks   |       |       |       |     2 |     3 ||     5
       Brothers in Arms  |       |       |       |     3 |     1 ||     4
Evoke: Lamp of fire      |       |       |       |     2 |       ||     2
       Wand              |       |       |       |     7 |       ||     7
  Use: Scroll            |     2 |       |     2 |    20 |     7 ||    31
       Potion            |       |     1 |       |     4 |     4 ||     9
 Stab: Confused          |       |       |       |       |     2 ||     2
  Eat: Chunk             |     1 |    11 |    21 |    30 |    15 ||    78
       Fruit             |       |       |       |       |     1 ||     1
       Meat ration       |       |       |       |       |     1 ||     1
       Bread ration      |       |       |       |       |     1 ||     1
Armor: Animal skin       |     4 |       |       |       |       ||     4
       Scale mail        |    11 |    62 |    25 |       |       ||    98
       Chain mail        |       |       |    64 |       |       ||    64
       Plate armour      |       |       |    77 |   364 |   366 ||   807
Dodge: Dodged            |    77 |    97 |   123 |   317 |   351 ||   965
